 Dungeon Crawl Stone Soup version 0.21-a0-460-g737a915 (webtiles) character file.

513 Laiders the Ruffian (level 7, 0/52 HPs)
             Began as a Grey Draconian Transmuter on Nov 20, 2017.
             Succumbed to an orc priest's poison
             ... on level 5 of the Dungeon.
             The game lasted 00:10:09 (4304 turns).

Laiders the Ruffian (Grey Draconian Transmuter)     Turns: 4304, Time: 00:10:10

Health: 0/52       AC:  2    Str: 12    XL:     7   Next: 0%
Magic:  6/10       EV: 19    Int: 16    God:
Gold:   258        SH:  0    Dex: 16    Spells: 4/10 levels left

rFire    . . .     SeeInvis .     - Unarmed
rCold    . . .     Gourm    .   (shield currently unavailable)
rNeg     . . .     Faith    .   (armour unavailable)
rPois    .         Spirit   .   (helmet currently unavailable)
rElec    .         Reflect  .   (cloak currently unavailable)
rCorr    .         Harm     .   (gloves currently unavailable)
MR       .....                  (boots currently unavailable)
Stlth    +.........             (no amulet)
HPRegen  0.17/turn              w - ring of poison resistance
MPRegen  0.12/turn              (no ring)

@: lethally poisoned (0 -> -8), spider-form
A: (walk through water), unfitting armour, AC +11
a: End Transformation


You were on level 5 of the Dungeon.
You were not hungry.
You were a venomous arachnid creature.
You visited 1 branch of the dungeon, and saw 5 of its levels.

You collected 258 gold pieces.

Inventory:

Missiles
 a - 92 arrows
Armour
 u - a +0 pair of gloves (melded)
Jewellery
 w - a ring of poison resistance (left front leg)
Wands
 q - a wand of lightning (4)
 y - a wand of scattershot (4)
Scrolls
 i - a scroll of magic mapping {unknown}
 k - a scroll of amnesia
 l - a scroll of noise {unknown}
 m - a scroll of teleportation
 o - a scroll of blinking {unknown}
 s - a scroll of fear {unknown}
 t - a scroll of enchant armour {unknown}
 z - a scroll of identify
 A - a scroll of remove curse
Potions
 d - 2 potions of might {unknown}
 e - a potion of agility {unknown}
 g - a potion of magic {unknown}
 j - 2 potions of mutation
 n - 3 potions of haste
 p - 2 potions of curing {unknown}
 r - 2 potions of flight {unknown}
 v - a potion of degeneration {unknown}
 x - a potion of brilliance {unknown}
Books
 b - a book of Changes

   Spells                             Type                      Level
   a - Beastly Appendage              Transmutation                1
   b - Sticks to Snakes               Transmutation                2
   c - Spider Form                    Transmutation/Poison         3
   d - Ice Form                       Ice/Transmutation            4
   e - Blade Hands                    Transmutation                5
Comestibles
 c - a bread ration
 f - a royal jelly
 h - 3 meat rations
 B - 4 chunks of flesh


   Skills:
 - Level 1.1 Fighting
 - Level 1.7 Dodging
 + Level 6.2 Unarmed Combat
 - Level 2.0 Spellcasting
 + Level 5.3 Transmutations


You had 4 spell levels left.
You knew the following spells:

 Your Spells              Type           Power        Failure   Level  Hunger
a - Beastly Appendage     Tmut           ###...       9%          1    #......
b - Sticks to Snakes      Tmut           ###.....     12%         2    ###....
c - Spider Form           Tmut/Pois      ##........   41%         3    ###....


Dungeon Overview and Level Annotations

Branches:
Dungeon (5/15)
 Temple: D:4-7

Altars:


Innate Abilities, Weirdness & Mutations

((You can walk through water.))
((Your dull iron-grey scales are very hard. (AC +11)))
You cannot fit into any form of body armour.
((You can survive without breathing.))
((You are cold-blooded and may be slowed by cold attacks.))


Message History

* * * LOW HITPOINT WARNING * * *
The orc priest mumbles some strange prayers to Beogh against you.
Pain shoots through your body!
* * * LOW HITPOINT WARNING * * *
The orc hits you with a trident.
* * * LOW HITPOINT WARNING * * *
You bite the orc priest!
The orc priest is poisoned.
The orc priest is heavily wounded.
* * * LOW HITPOINT WARNING * * *
You feel sick. The orc closely misses you.
The orc priest looks satisfied for a moment.
The orc misses you.
You bite the orc priest!
You kill the orc priest!
You have reached level 7!
Your scales start taking on a dull iron-grey colour.
You learn Air Magic much slower.
You learn Earth Magic much quicker.
You can walk through water.
You feel breathless.
You die...

#)...............##
#..................
+..................
#..................
#..................
###..................
#.....###+#.......###
#.....#...#oo.....+
#.....#...'s)s....#
#)....#...#.o.....#
#.....'...#.......#
#.....#####.......#
#.....)......##+##.
#....))......#
#............#
#............#
#>...........+


You could see a scorpion, an orc priest and 2 orcs.

Vanquished Creatures
  A scorpion (D:4)
  3 howler monkeys (D:4)
  3 orc priests
  A hound (D:4)
  3 orc wizards
  Jessica (D:2)
  Ijyb (D:3)
  An adder (D:2)
  2 oozes
  2 dart slugs
  2 leopard geckos
  7 orcs
  A ball python (D:3)
  5 bats
  2 giant cockroaches
  9 hobgoblins
  5 jackals
  3 quokkas (D:4)
  7 frilled lizards
  7 goblins
  6 kobolds
  6 rats
78 creatures vanquished.

Vanquished Creatures (collateral kills)
  2 orcs (D:4)
2 creatures vanquished.

Grand Total: 80 creatures vanquished

Notes
Turn   | Place    | Note
-------+----------+-------------------------------------------
     0 | D:1      | Laiders the Draconian Transmuter began the quest for the Orb.
     0 | D:1      | Reached XP level 1. HP: 16/16 MP: 3/3
   125 | D:1      | Reached XP level 2. HP: 16/23 MP: 5/5
   129 | D:1      | Learned a level 2 spell: Sticks to Snakes
   887 | D:2      | Reached skill level 4 in Unarmed Combat
   887 | D:2      | Reached XP level 3. HP: 25/28 MP: 4/6
  1293 | D:2      | Noticed Jessica
  1303 | D:2      | Killed Jessica
  1303 | D:2      | Reached XP level 4. HP: 22/35 MP: 7/7
  1478 | D:3      | Noticed Ijyb
  1484 | D:3      | Learned a level 3 spell: Spider Form
  1519 | D:3      | Killed Ijyb
  2583 | D:4      | Reached skill level 5 in Unarmed Combat
  2583 | D:4      | Reached XP level 5. HP: 24/40 MP: 6/8
  2597 | D:3      | HP: 2/40 [orc wizard/puff of flame (7)]
  3132 | D:4      | Reached XP level 6. HP: 32/47 MP: 5/9
  3812 | D:4      | Reached skill level 6 in Unarmed Combat
  3812 | D:4      | Reached skill level 5 in Transmutations
  4144 | D:5      | Entered Level 5 of the Dungeon
  4302 | D:5      | HP: 2/47 [orc/trident (4)]
  4304 | D:5      | Your scales start taking on a dull iron-grey colour.
  4304 | D:5      | Reached XP level 7. HP: 1/52 MP: 6/10
  4304 | D:5      | Gained mutation: You can survive without breathing. [Grey Draconian growth]
  4304 | D:5      | Succumbed to an orc priest's poison

Vault maps used:
D:1:      dpeg_arrival_arbitrary_a
D:2:      minmay_misc_feat_nine_boxes, uniq_jessica
D:3:      columned_hall_lemuel, uniq_ijyb
D:5:      first_bread, uniq_sigmund

Skill      XL: |  1  2  3  4  5  6 |
---------------+-------------------+-----
Unarmed Combat | 4 5 6 |  6.2
Transmutations | 3 4 5 |  5.3
Fighting       | |  1.1
Dodging        | |  1.7
Spellcasting   | |  2.0

Action                   |  1- 3 |  4- 6 |  7- 9 || total
-------------------------+-------+-------+-------++-------
Melee: Unarmed           |   118 |   201 |       ||   319
       Tailslap          |    13 |    23 |       ||    36
       Headbutt          |     1 |     3 |       ||     4
       Kick              |     1 |     5 |       ||     6
       Punch             |       |     1 |       ||     1
 Cast: Beastly Appendage |     2 |     5 |       ||     7
       Spider Form       |       |     4 |       ||     4
       Sticks to Snakes  |       |     1 |       ||     1
Evoke: Wand              |       |     2 |       ||     2
  Use: Scroll            |     3 |     3 |       ||     6
  Eat: Chunk             |     1 |    11 |       ||    12
Armor: Skin              |    33 |    64 |       ||    97
Dodge: Dodged            |    67 |   150 |       ||   217

Table legend:
 A = Spawn XP
 B = Non-spawn XP
 C = Spawn XP percentage of total XP
 D = Spawn monster count
 E = Non-spawn monster count
 F = Spawn count percentage of total count
 G = Total turns spent on level
                    A         B        C        D         E        F      G
               +---------+---------+-------+---------+---------+-------+---------
         Total |       0 |     734 |   0.0 |       0 |      80 |   0.0 |  4304
               +---------+---------+-------+---------+---------+-------+---------
           D:1 |       0 |      31 |   0.0 |       0 |      16 |   0.0 |   718
           D:2 |       0 |      77 |   0.0 |       0 |      16 |   0.0 |   707
           D:3 |       0 |     125 |   0.0 |       0 |      27 |   0.0 |  1442
           D:4 |       0 |     409 |   0.0 |       0 |      16 |   0.0 |  1373
           D:5 |       0 |      92 |   0.0 |       0 |       5 |   0.0 |    64
               +---------+---------+-------+---------+---------+-------+---------
